noty, chaotic male elven Priest ---------- ## ##-.<......| ---------------------------------# # |........| |................................######### -----|---- |.------------.....------------.|# |.|?[?|...|%%|.....| |(.(|...|.|# |.|!%.|...|!%|.....| |(((|...|.|# |.|(!=|...|..|.....+ |...| ..|.| |.|...|.. --|-.....-----|----|-.| |.--|--|---..............(..(...| |..k..........{......{..........| |%-Y-----|-..).--|---...........| |.|@[.| .|---)|....|.------|--.| |.|@((| ..|..|.|....|.|..| ...|.| |.|%((| ..|..|.|.(_.|.|..|....|.| |.|=((|...|..+.|....|.-..|....|.| |.------------.------.---------.+ |...............................| --------------------------------- noty the Adept Experience level: 7 Strength: 10 Dexterity: 15 Constitution: 12 Intelligence: 11 Wisdom: 18 Charisma: 10 Health: 0(46) Energy: 81(81) AC: -7 Gold: 66 Moves: 3162 Your Inventory: Coins $ - 66 gold pieces Weapons a - a blessed +1 mace (weapon in hand) Armor b - an uncursed +0 robe (being worn) w - an uncursed +0 banded mail (being worn) I - an uncursed +0 pair of iron shoes (being worn) N - an uncursed +0 hard hat [dwarvish iron helm] (being worn) S - a blessed greased +3 polished silver shield [of reflection] (being worn) Comestibles e - an uncursed clove of garlic f - an uncursed sprig of wolfsbane n - an uncursed partly eaten food ration r - an uncursed lichen corpse u - an uncursed tripe ration Scrolls m - an uncursed scroll of teleportation p - an uncursed scroll of blank paper Spellbooks g - an uncursed spellbook of extra healing h - an uncursed spellbook of cure sickness Potions d - a potion of holy water K - a blessed potion of healing M - an uncursed golden potion [of paralysis] Wands j - an uncursed wand of light (0:14) G - an uncursed wand of magic missile [0:0] Tools i - an uncursed bell k - an uncursed lock pick o - an uncursed tin whistle E - an uncursed partly used [tallow] candle (0:56) L - an uncursed [oil] lamp Q - a blessed [oil] lamp (0:1169) Spells known in the end: Name Level Category Fail Memory a - extra healing 3 healing 100% [|||||||.] b - cure sickness 3 healing 100% [|||||||.] c - cause fear 3 enchantment 100% [||||||||] Your skills at the end: Fighting Skills Weapon Skills mace [Skilled / Expert] Spellcasting Skills clerical spells [Basic / Expert] Final Attributes: You were piously aligned. Hunger level was 339. Your alignment was 25 / 25. Monster difficulty range was 1 - 7. Level difficulty was 7. You were immune to sleep. You saw invisible. You had infravision. You were held by an owlbear. You had reflection. Your luck was zero. You are dead. Vanquished creatures: a giant mimic a mumak a brown pudding a lizard a dwarf lord 2 dust vortices a human zombie a fog cloud 6 gnome lords 4 gnomish wizards a wax golem 6 dwarves a dwarf zombie an iguana 6 hobbits 2 large kobolds a yellow mold 35 gnomes 2 gnome zombies a jackal a fox a sewer rat 3 grid bugs 2 bats a lichen 3 kobold zombies 6 newts 92 creatures vanquished. Voluntary challenges: You used a wielded weapon 124 times. You read items or engraved 490 times. You put on armor 12 times. You never genocided any monsters. You never polymorphed an object. You never changed form. You used 1 wish. You did not wish for any artifacts. You wrote Elbereth's name 163 times. You never encountered a bones level. You never used any Sokoban shortcuts. Dungeon overview: The Dungeons of Doom: levels 1 to 4 Level 1 a fountain a long staircase Level 2 a fountain Level 3 a general store stairs to The Gnomish Mines The Gnomish Mines: levels 4 to 7 Level 4 stairs to The Dungeons of Doom Level 7 <- You were here many shops, a temple, a magic chest, some fountains History has recorded: On T:1 you entered the Dungeons of Doom to retrieve the Amulet of Yendor! On T:81 you reached level 2 of The Dungeons of Doom. On T:388 you reached level 3 of The Dungeons of Doom. On T:507 you advanced to experience level 2. On T:555 you advanced to experience level 3. On T:1008 you reached level 4 of The Dungeons of Doom. On T:1102 you reached level 1 of The Gnomish Mines. On T:1281 you advanced to experience level 4. On T:1357 you reached level 2 of The Gnomish Mines. On T:1367 you advanced to experience level 5. On T:1451 you advanced to experience level 6. On T:1781 you reached level 3 of The Gnomish Mines. On T:2117 you reached level 4 of The Gnomish Mines. On T:2205 you advanced to experience level 7. On T:2987 you wished for "blessed greased fixed +3 shield of reflection". Latest messages: The owlbear hits! (2x) You are being crushed. [HP-8=26] You add "Elbereth" with your fingers to the writing in the dust. The owlbear misses. (2x) You are being crushed. The owlbear misses. (2x) You are being crushed. [HP-10=16] [2 turns] Something is written here in the dust. You read: "|l???c ? ? e ?h[lbercth? | ?b h |b ?et ?|b?rcthL berctrEl|e etnEl crc?nE ere ?lbc ?? E e?ethElb|?et?-lbc ?^ El ?re h?lber?tnFl ?r??h_l ?re nE |er?tnE|?c?eth??be et ?l|? ^ ? | cr+?nE|bcre?hEl?ercth|lberethElb?$etrEl?e?e?h_ |er??". You see no objects here. You add "Elbereth" with your fingers to the writing in the dust. The owlbear misses. (2x) You are being crushed. [HP-5=11] You add "Elbereth" with your fingers to the writing in the dust. The owlbear hits! (2x) You are being crushed. You die... Yelpur gratefully inherits all your possessions. Final status: Goodbye noty the Priest... You died in The Gnomish Mines on dungeon level 7 with 2600 points, and 66 pieces of gold, after 3162 moves. You were level 7 with a maximum of 46 hit points when you died.